Map: Troizinia LE

Players

Observer - Winner!

  • Race: Terran Terran
  • League: Platinum
  • Spawn Location: 5:00

Maestro - Winner!

  • Race: Zerg Zerg
  • Spawn Location: 6:00

Gray - Winner!

  • Race: Terran Terran
  • League: Platinum
  • Spawn Location: 5:00

lepila - Winner!

  • Race: Protoss Protoss
  • Spawn Location: 3:00

MooEsqoo

  • Race: Protoss Protoss
  • Spawn Location: 11:00

Gorec

  • Race: Protoss Protoss
  • Spawn Location: 11:00

Pablo

  • Race: Protoss Protoss
  • Spawn Location: 9:00

Snake

  • Race: Protoss Protoss
  • Spawn Location: 12:00

VOD

Have the link to the VOD?

Description

Time

  • Played on: Nov. 26, 2019, 2:17 a.m.
  • Length: 5:58
Show
View Real Time Build Order
Export as new Build Order

Observer Terran - Winner!

Build Orders:  

Get SALT Encoding   

  12  0:02  SCV  
  13  0:23  SCV  
  13  0:25  Supply Depot  
  13  0:27  Refinery  
  14  0:35  SCV  
  15  0:47  SCV  
  16  0:53  Barracks  
  16  1:02  Refinery, SCV  
  17  1:15  Supply Depot, SCV  
  18  1:50  Barracks Tech Lab  
  18  1:51  Factory  
  18  1:56  SCV  
  19  2:08  SCV  
  20  2:20  SCV  
  21  2:32  SCV  
  22  2:43  Starport  
  22  2:45  SCV  
  23  2:54  Siege Tank  
  23  2:57  SCV  
  23  2:58  Supply Depot  
  27  3:12  Orbital Command  
  27  3:33  Fusion Core  
  27  3:36  Command Center  
  27  3:39  Starport Tech Lab  
  27  4:02  SCV  
  28  4:14  SCV  
  29  4:21  Refinery  
  29  4:24  Battlecruiser  
  35  5:11  SCV x2  
  35  5:13  Refinery  
  37  5:21  Starport  
  37  5:23  SCV x2  
  40  5:35  SCV x2  
  42  5:57  Starport  
Show
View Real Time Build Order
Export as new Build Order

Maestro Zerg - Winner!

Build Orders: Pool Only 

Get SALT Encoding   

  12  0:02  Drone  
  13  0:22  Spawning Pool  
  12  0:31  Extractor  
  12  0:35  Drone x2  
  13  0:37  Drone  
  14  0:53  Overlord  
  14  1:12  Queen  
  16  1:25  Overlord  
  16  1:32  Metabolic Boost  
  16  1:36  Zergling x4  
  16  1:37  Zergling x2  
  19  1:57  Zergling x2  
  20  2:02  Zergling x2  
  21  2:08  Zergling x2  
  22  2:20  Zergling x2  
  23  2:29  Evolution Chamber  
  22  2:30  Drone x3  
  25  2:49  Zergling x2  
  26  2:54  Zergling x8  
  26  2:58  Zerg Melee Weapons Level 1  
  30  3:05  Overlord  
  30  3:26  Zergling x6  
  30  3:27  Zergling x2  
  29  4:48  Zergling x10  
  29  4:49  Zergling x2  
  35  5:20  Zergling x2  
  35  5:21  Zergling x6  
Show
View Real Time Build Order
Export as new Build Order

Gray Terran - Winner!

Build Orders:  

Get SALT Encoding   

  12  0:05  SCV  
  13  0:14  Supply Depot  
  13  0:19  SCV  
  14  0:37  SCV  
  14  0:39  Barracks  
  15  0:50  Barracks  
  15  0:52  SCV  
  16  1:12  SCV  
  16  1:15  Barracks  
  17  1:19  Refinery  
  17  1:29  SCV  
  18  1:34  Marine  
  19  1:40  Barracks  
  19  1:47  Barracks  
  19  1:51  SCV  
  20  2:10  Marine x2  
  20  2:11  Marine  
  23  2:18  Orbital Command  
  23  2:33  Supply Depot  
  23  2:46  Marine x5  
  28  3:02  Supply Depot  
  28  3:04  Marine x5  
  33  3:22  Marine x5  
  38  3:49  Marine x5  
  43  4:06  Marine  
  43  4:07  Marine x3  
  47  5:07  Marine  
  47  5:08  Marine  
  47  5:16  Marine x2  
  47  5:27  Marine  
  47  5:29  Marine  
  47  5:36  Marine  
  47  5:38  Marine x2  
Show
View Real Time Build Order
Export as new Build Order

lepila Protoss - Winner!

Build Orders:  

Get SALT Encoding   

  12  0:44  Probe (Chrono Boost)  
  13  0:51  Pylon  
  13  0:54  Probe (Chrono Boost), Pylon  
  14  0:58  Assimilator  
  14  0:59  Probe (Chrono Boost)  
  14  1:01  Assimilator  
  15  1:10  Probe  
  16  1:13  Pylon  
  16  1:22  Probe  
  17  1:48  Probe (Chrono Boost)  
  18  1:58  Probe (Chrono Boost)  
  19  2:03  Probe (Chrono Boost)  
  20  2:09  Gateway  
  20  2:11  Gateway  
  20  2:15  Probe  
  21  2:24  Pylon  
  21  2:27  Probe  
  21  2:28  Pylon  
  22  2:30  Forge  
  22  2:39  Probe  
  23  3:00  Cybernetics Core  
  23  3:04  Protoss Shields Level 1  
  23  3:07  Zealot x2 (Chrono Boost)  
  27  3:29  Zealot x2 (Chrono Boost)  
  31  3:53  Stalker  
  31  3:54  Stalker  
  35  4:23  Adept x2  
  39  4:39  Stargate  
  39  4:42  Probe  
  39  4:43  Stargate  
  40  4:53  Stalker x2  
  40  4:54  Probe  
  45  5:06  Probe  
  44  5:18  Probe  
  37  5:30  Probe  
Show
View Real Time Build Order
Export as new Build Order

MooEsqoo Protoss 

Build Orders: 1 Gate Expand, Oracle Opening 

Get SALT Encoding   

  12  0:01  Probe  
  13  0:22  Pylon  
  13  0:24  Probe (Chrono Boost)  
  15  0:36  Probe (Chrono Boost)  
  15  0:40  Gateway  
  15  0:41  Probe (Chrono Boost)  
  16  0:52  Probe  
  17  1:04  Probe  
  18  1:05  Assimilator  
  18  1:23  Nexus  
  18  1:31  Probe  
  18  1:32  Pylon  
  19  1:44  Cybernetics Core  
  19  1:49  Assimilator  
  19  1:51  Probe  
  20  2:03  Probe  
  21  2:17  Probe  
  22  2:23  Warp Gate  
  22  2:25  Stalker  
  22  2:29  Probe  
  25  2:38  Probe  
  25  2:41  Probe  
  27  2:48  Stargate  
  27  2:50  Probe, Gateway  
  28  2:53  Probe  
  29  3:02  Probe  
  29  3:03  Assimilator  
  30  3:05  Probe  
  30  3:07  Stalker, Pylon  
  30  3:10  Assimilator  
  33  3:14  Probe  
  34  3:30  Pylon  
  34  3:32  Oracle (Chrono Boost)  
  34  3:38  Stalker  
  39  3:54  Gateway  
  39  4:20  Gateway  
  39  4:25  Pylon  
  39  4:28  Shield Battery  
  39  4:32  Shield Battery  
  39  4:35  Stalker x2  
  39  4:38  Void Ray  
  47  4:51  Stalker  
  49  4:53  Pylon  
  49  5:08  Stalker x2  
  50  5:27  Stalker x2  
Show
View Real Time Build Order
Export as new Build Order

Gorec Protoss 

Build Orders:  

Get SALT Encoding   

  12  0:03  Probe (Chrono Boost)  
  13  0:15  Pylon  
  13  0:16  Probe (Chrono Boost)  
  14  0:37  Forge  
  14  0:39  Probe  
  15  0:51  Probe  
  16  1:03  Probe  
  17  1:22  Pylon  
  17  1:26  Pylon  
  16  2:05  Assimilator  
  16  2:10  Probe  
  16  2:11  Assimilator  
  17  2:22  Probe (Chrono Boost)  
  18  2:32  Probe (Chrono Boost)  
  19  2:37  Probe (Chrono Boost)  
  20  2:48  Probe  
  21  3:00  Probe  
Show
View Real Time Build Order
Export as new Build Order

Pablo Protoss 

Build Orders: 1 Gate Expand, Double Forge 

Get SALT Encoding   

  12  0:11  Probe  
  13  0:23  Probe (Chrono Boost), Pylon  
  14  0:34  Probe (Chrono Boost)  
  15  0:48  Probe  
  16  0:57  Gateway  
  16  0:59  Gateway  
  16  1:07  Probe (Chrono Boost)  
  16  1:08  Assimilator  
  17  1:37  Probe  
  18  1:40  Nexus  
  18  1:50  Probe  
  19  1:57  Zealot  
  19  1:58  Assimilator  
  21  2:02  Probe  
  22  2:16  Pylon  
  22  2:22  Pylon  
  22  2:24  Probe (Chrono Boost)  
  23  2:34  Zealot  
  23  2:35  Zealot, Probe (Chrono Boost)  
  28  2:47  Pylon  
  28  2:51  Pylon  
  28  2:56  Probe x2  
  30  3:01  Cybernetics Core, Zealot  
  30  3:03  Gateway  
  32  3:08  Zealot  
  32  3:10  Probe  
  32  3:11  Pylon  
  35  3:22  Probe  
  35  3:23  Probe  
  37  3:32  Pylon  
  37  3:34  Probe  
  37  3:37  Forge  
  37  3:38  Forge  
  38  3:44  Probe  
  38  3:47  Probe  
  43  4:28  Photon Cannon  
  43  4:29  Photon Cannon  
  43  4:30  Photon Cannon  
  37  4:36  Pylon  
  37  4:37  Shield Battery  
  33  4:39  Shield Battery  
  33  4:46  Gateway  
  33  4:47  Gateway  
  33  4:49  Gateway  
Show
View Real Time Build Order
Export as new Build Order

Snake Protoss 

Build Orders: Cannon Rush 

Get SALT Encoding   

  12  0:10  Pylon  
  12  0:13  Probe (Chrono Boost)  
  13  0:23  Probe (Chrono Boost)  
  14  0:28  Probe (Chrono Boost)  
  15  0:36  Forge  
  15  0:43  Probe  
  15  0:48  Pylon  
  16  0:55  Probe  
  17  1:10  Photon Cannon  
  17  1:19  Photon Cannon  
  17  1:27  Photon Cannon  
  17  1:50  Nexus  
  17  2:05  Pylon  
  17  2:15  Pylon  
  17  2:23  Photon Cannon  
  17  2:26  Photon Cannon  
  17  2:34  Photon Cannon  
  17  2:45  Photon Cannon  
  17  2:48  Photon Cannon  
  17  2:57  Nexus  
  17  3:03  Pylon  
  17  3:05  Probe (Chrono Boost)  
  18  3:15  Probe (Chrono Boost)  
  18  3:19  Probe (Chrono Boost)  
  19  3:24  Gateway  
  20  3:30  Photon Cannon  
  20  3:32  Photon Cannon  
  20  3:38  Photon Cannon  
  19  3:51  Probe  
  20  3:57  Assimilator  
  20  4:02  Pylon  
  20  4:03  Probe  
  20  4:05  Assimilator  
  21  4:10  Assimilator  
  21  4:11  Assimilator  
  21  4:14  Cybernetics Core  
  21  4:15  Probe  
  21  4:16  Photon Cannon  
  22  4:20  Pylon  
  22  4:24  Photon Cannon  
  22  4:27  Photon Cannon, Probe (Chrono Boost)  
  22  4:28  Photon Cannon  
  22  4:31  Photon Cannon  
  23  4:36  Photon Cannon  
  23  4:40  Probe (Chrono Boost)  
  23  4:44  Probe (Chrono Boost)  
  25  4:49  Probe (Chrono Boost)  
  25  4:52  Probe (Chrono Boost)  
  27  4:55  Photon Cannon, Probe (Chrono Boost)  
  28  5:01  Photon Cannon  
  28  5:06  Probe  
Tags
 
Add a new tag
Caveats
  • Supply blocks, unpowered buildings, or Contaminate may cause inaccurate times.
  • Supply counts are checked every 10 seconds.